 Dungeon Crawl Stone Soup version 0.31.0-1-g2c135a008e (webtiles) character file.

Game seed: 674680105179973784

160 qw the Shooter (level 5, -8/40 HPs)
             Began as a Djinni Hunter on Jan 23, 2024.
             Killed by psychic fangs
             ... invoked by a brain worm
              (14 damage)
             ... in a sewer.
             The game lasted 00:00:12 (2091 turns).

qw the Shooter (Djinni Hunter)                      Turns: 2091, Time: 00:00:12

Health: -8/40      AC:  8    Str: 10    XL:     5   Next: 69%
Gold:   149        EV: 12    Int: 11    God:
                   SH:  0    Dex: 24

rFire   + + .        a - +0 shortbow
rCold   x . .        (shield currently unavailable)
rNeg    . . .        i - +0 ring mail
rPois   inf          (no helmet)
rElec   .            (no cloak)
rCorr   .            g - +2 pair of gloves {hurl}
SInv    .            (boots unavailable)
Will    .....        (no amulet)
Stlth   +            o - +6 ring of dexterity
HPRegen 0.26/turn    (no ring)
MPRegen 0.00/turn

%: infuse magic (-9 HP)
@: flying
A: sickness immunity, fire resistance 2, cold vulnerability 1, float, innate
caster, HP casting, extra vitality 1
a: no special abilities


You were in a sewer.
You visited 1 branch of the dungeon, and saw 3 of its levels.
You also visited: Sewer.

You collected 149 gold pieces.


Innate Abilities, Weirdness & Mutations

You are immune to sickness and miasma.
You are immune to poison.
Your flesh is very heat resistant. (rF++)
You are vulnerable to cold. (rC-)
You float through the air rather than walking.
You learn spells naturally, not from books.
Your magical power is your life essence.
You have superior vitality. (+4 MHP)


   Skills:
 - Level 3.1 Fighting
 + Level 4.5 Ranged Weapons
 - Level 1.0 Armour
 - Level 3.1 Dodging
 - Level 0.7 Stealth


You knew the following spells:

 Your Spells              Type           Power      Damage    Failure   Level
a - Sandblast             Erth           0%         2d4       65%         1
b - Static Discharge      Conj/Air       0%         3-3/arc   80%         2
Your spell library was empty.

Inventory:

Hand Weapons
 a - a +0 shortbow (weapon)
Armour
 g - a +2 pair of gloves of hurling (worn)
 i - a +0 ring mail (worn)
Jewellery
 o - a +6 ring of dexterity (left hand)
Potions
 e - 2 potions of enlightenment
 f - a potion of haste
 j - a potion of might
 k - a potion of curing
 l - a potion of resistance

Dungeon Overview and Level Annotations

Branches:
Dungeon (3/15)              Sewer (1/1)

Altars:

Annotations:
Sewer Pargi


Message History

Pargi barely misses you. Pargi claws you. Pargi barely misses you.
You shoot an arrow. The arrow hits Pargi!
Pargi is heavily wounded.
Pargi bites you but does no damage. Pargi claws you but does no damage. x2
You shoot an arrow. The arrow barely misses Pargi.
The arrow hits the brain worm but does no damage.
Pargi barely misses you. Pargi claws you but does no damage. x2
You shoot an arrow. The arrow closely misses Pargi.
The arrow hits the brain worm but does no damage.
Pargi bites you but does no damage. Pargi claws you. Pargi closely misses you.
The brain worm's throbbing head pulsates.
Something gnaws heavily on your mind! Pargi bites you but does no damage.
Pargi closely misses you. Pargi completely misses you.
You shoot an arrow. The arrow hits Pargi.
Pargi is heavily wounded.
Pargi closely misses you. Pargi barely misses you. Pargi closely misses you.
You shoot an arrow. The arrow hits Pargi.
Pargi is heavily wounded.
Pargi closely misses you. Pargi claws you but does no damage. x2
Pargi barely misses you. Pargi closely misses you. Pargi claws you.
You shoot an arrow. The arrow hits Pargi!
Pargi is severely wounded.
Pargi hisses, "I bite!"
Pargi bites you but does no damage. Pargi barely misses you. Pargi claws you.
You shoot an arrow. The arrow barely misses Pargi.
The arrow hits the brain worm.
The brain worm is lightly wounded.
The brain worm's bulging head throbs.
Something gnaws heavily on your mind! Pargi closely misses you.
Pargi claws you but does no damage. Pargi closely misses you.
You shoot an arrow. The arrow hits Pargi!
Pargi is almost dead.
Pargi bites you but does no damage. Pargi closely misses you. Pargi claws you.
Pargi bites you. Pargi closely misses you. Pargi completely misses you.
You shoot an arrow. The arrow closely misses Pargi.
The arrow hits the brain worm.
The brain worm is lightly wounded.
The brain worm's throbbing head pulsates.
Something gnaws heavily on your mind!
You die...

#.~~~.#
#.~~~.#
+.~~~.+
#.~~~.#
###.~~~.####
.'.~~~.'.[#
#.~~~.#
####.~~~.#
#\@Tw.\..+
####w~~~.#
#.~~~.#
+.~~~.+
#.~~~.#
#.~~~.#
'.~~~.'.
##.~~~.##


You could see Pargi and 2 brain worms.

Vanquished Creatures
  A bombardier beetle (D:3)
  4 gnolls
  2 adders
  A dart slug (D:2)
  4 ribbon worms
  3 ball pythons
  3 endoplasms (D:2)
  3 giant cockroaches
  3 goblins (D:1)
  14 hobgoblins
  3 kobolds
  6 quokkas
  6 bats
  2 frilled lizards
55 creatures vanquished.

Notes
Turn   | Place    | Note
-------+----------+-------------------------------------------
     0 | D:1      | qw the Djinni Hunter began the quest for the Orb.
     0 | D:1      | Reached XP level 1. HP: 18/18 MP: 0/0
     0 | D:1      | 0 ||| qw: Version: 0.3-a-135-gb77e89d
     0 | D:1      | 0 ||| qw: Game counter: 891
     0 | D:1      | 0 ||| qw: Melee chars always use a shield: true
     0 | D:1      | 0 ||| qw: God list: Okawaru
     0 | D:1      | 0 ||| qw: Allow faded altars: false
     0 | D:1      | 0 ||| qw: Do Orc after clearing Dungeon:15 true
     0 | D:1      | 0 ||| qw: Do second Lair branch before Depths: true
     0 | D:1      | 0 ||| qw: Lair rune preference: random
     0 | D:1      | 0 ||| qw: Goals: Normal
     0 | D:1      | 0 ||| PLANNING D:1-11
   106 | D:1      | Reached XP level 2. HP: 19/23 MP: 0/0
   417 | D:1      | Reached skill level 4 in Ranged Weapons
   417 | D:1      | Reached XP level 3. HP: 28/28 MP: 0/0
   417 | D:1      | Learned a level 1 spell: Sandblast
   676 | D:1      | 676 ||| UPGRADING to +2 pair of gloves of hurling.
   681 | D:1      | 681 ||| UPGRADING to +0 ring mail.
   691 | D:1      | 691 ||| DROPPING +0 leather armour.
   692 | D:1      | 692 ||| READING scroll labelled FEATTE LYISMAE.
   793 | D:1      | 793 ||| READING 3 scrolls labelled BUIZUX AMNYUWN.
   793 | D:1      | 793 ||| IDENTIFYING bubbling ruby potion
   794 | D:1      | 794 ||| READING 2 scrolls of identify.
   794 | D:1      | 794 ||| IDENTIFYING black potion
   795 | D:1      | 795 ||| READING scroll of identify.
   795 | D:1      | 795 ||| IDENTIFYING murky yellow potion
   796 | D:1      | 796 ||| READING scroll labelled WIVARA HAIGGA.
   797 | D:1      | 797 ||| DRINKING 2 sapphire potions.
   798 | D:1      | 798 ||| DROPPING scroll of butterflies.
  1119 | D:2      | Reached skill level 1 in Armour
  1137 | D:2      | 1137 ||| RETREEEEATING.
  1139 | D:2      | 1139 ||| RETREEEEATING.
  1142 | D:2      | 1142 ||| RETREEEEATING.
  1143 | D:2      | 1143 ||| RETREEEEATING.
  1148 | D:2      | Reached XP level 4. HP: 14/34 MP: 0/0
  1152 | D:2      | Reached skill level 3 in Fighting
  1232 | D:2      | Found a faded altar of an unknown god.
  1598 | D:2      | Reached XP level 5. HP: 40/40 MP: 0/0
  1598 | D:2      | Learned a level 2 spell: Static Discharge
  1634 | D:2      | 1634 ||| DROPPING +1 pair of gloves.
  1635 | D:2      | 1635 ||| UPGRADING to +6 ring of dexterity.
  1636 | D:2      | 1636 ||| READING scroll labelled AGHUAD QAR PEI.
  1636 | D:2      | 1636 ||| ENCHANTING +0 shortbow.
  1637 | D:2      | 1637 ||| READING scroll labelled EGONEY PAEJI DOD.
  1638 | D:2      | 1638 ||| READING scroll labelled WAV OS GOATOIHEE.
  1639 | D:2      | 1639 ||| DRINKING 3 bubbling dark potions.
  1640 | D:2      | 1640 ||| DROPPING 2 potions of attraction.
  1657 | D:3      | 1657 ||| PLANNING SEWER
  1707 | D:3      | Reached skill level 3 in Dodging
  1708 | D:3      | 1708 ||| READING scroll of identify.
  1708 | D:3      | 1708 ||| IDENTIFYING ruby potion
  2070 | D:3      | Found a glowing drain.
  2071 | D:3      | 2071 ||| READING scroll of identify.
  2071 | D:3      | 2071 ||| IDENTIFYING sedimented coppery potion
  2072 | D:3      | 2072 ||| READING scroll labelled PUBEXTI VUSEO.
  2073 | D:3      | 2073 ||| DROPPING potion of berserk rage.
  2077 | Sewer    | Entered a sewer
  2077 | Sewer    | Noticed Pargi
  2077 | Sewer    | Noticed a brain worm
  2078 | Sewer    | 2078 ||| RETREEEEATING.
  2079 | Sewer    | 2079 ||| RETREEEEATING.
  2080 | Sewer    | 2080 ||| RETREEEEATING.
  2080 | Sewer    | Noticed a brain worm
  2081 | Sewer    | 2081 ||| RETREEEEATING.
  2090 | Sewer    | HP: 6/40 [Pargi (5)]
  2091 | Sewer    | Killed from afar by a brain worm

Levels and vault maps discovered:
D:1:      dpeg_chamrin_arrival_tetris, layout_basic
D:2:      layout_loops_ring, shapermc_ecumenical_altar_mp_ritualfount
D:3:      kennysheep_goblin_castle, layout_basic, gup_sewer_entry_bowl
Sewer:    kennysheep_door_sewer

Skill      XL: |  1  2  3  4  5 |
---------------+----------------+-----
Ranged Weapons | 4 |  4.5
Armour         | 1 |  1.0
Fighting       | 3 |  3.1
Dodging        | 3 |  3.1
Stealth        | |  0.7

Action                     |  1- 3 |  4- 6 || total
---------------------------+-------+-------++-------
   Fire: Shortbow          |    88 |   108 ||   196
    Use: Scroll            |     5 |     6 ||    11
         Potion            |     1 |     1 ||     2
 Armour: Leather armour    |     8 |       ||     8
         Ring mail         |    19 |    45 ||    64
  Dodge: Dodged            |    18 |    48 ||    66

Table legend:
 A = Non-vault XP
 B = Vault XP
 C = Vault XP percentage of total XP
 D = Non-vault monster count
 E = Vault monster count
 F = Vault count percentage of total count
                 A         B        C        D         E       F
            +---------+---------+-------+---------+---------+-------
      Total |     219 |      10 |   4.4 |      52 |       3 |   5.5
            +---------+---------+-------+---------+---------+-------
        D:1 |      49 |       0 |   0.0 |      20 |       0 |   0.0
        D:2 |      91 |       0 |   0.0 |      20 |       0 |   0.0
        D:3 |      79 |      10 |  11.2 |      12 |       3 |  20.0
            +---------+---------+-------+---------+---------+-------
